 Dungeon Sprint DCSS version 0.23.2-30-g0e89c35649 (webtiles) character file.

Game seed: 10429875032219951243

30164 Kobolds4U the Spry (level 13, -6/204 HPs)
             Began as a Minotaur Berserker on June 12, 2019.
             Was a Priest of Trog.
             Killed by an exploding ball lightning (11 damage)
             ... created by Lom Lobon
             ... in the Dungeon (Sprint I: "Red Sonja").
             The game lasted 00:40:30 (6069 turns).

Kobolds4U the Spry (Minotaur Berserker)             Turns: 6069, Time: 00:40:31

Health: -6/204     AC: 30    Str: 30    XL:     13   Next: 19%
Magic:  9/9        EV: 31    Int:  7    God:    Trog [***...]
Gold:   1655       SH:  0    Dex: 20    Spells: 12/12 levels left

rFire    . . .     SeeInvis +   l - +5 triple sword (elec)
rCold    . . .     Gourm    .   (shield currently unavailable)
rNeg     . . .     Faith    .   K - +4 plate armour {rPois}
rPois    +         Spirit   .   (helmet restricted)
rElec    .         Reflect  .   q - +0 cloak of the Black Moon {Regen+}
rCorr    .         Harm     .   j - +2 pair of gloves {Str+3}
MR       ++...     Rnd*Rage +   A - +2 pair of boots Stlth ..........NoTele +
                                (no amulet)
HPRegen  2.24/turn              u - +5 ring of slaying
MPRegen  0.11/turn              L - +3 ring of evasion

@: brilliant, agile, berserking, regenerating, hasted, very quick
A: retaliatory headbutt, horns 2, slimy green scales 1, see invisible, berserk
1, deformed body, dopey 1, low mp 2, regeneration 1, shaggy fur 1, no potion
heal 1, subdued magic 3
a: Berserk, Trog's Hand, Renounce Religion


You were in the Dungeon.
You worshipped Trog.
Trog was most pleased with you.
You were not hungry.

You visited 1 branch You collected 5618 gold pieces.
You spent 3963 gold pieces at shops.

Inventory:

Hand Weapons
 a - a +0 falchion
 b - a +3 hunting sling of flaming
 l - a +5 triple sword of electrocution (weapon)
 p - a +2 great sword of holy wrath
 t - a +6 great sword of holy wrath
 x - the +3 falchion of the Bouncing Runes {slice, rElec Int+7}
   (Trog gifted it to you in the Dungeon)

   It inflicts extra damage upon your enemies.
   It affects your intelligence (+7).
   It insulates you from electricity.
 y - a +1 antimagic long sword
 B - a +1 vampiric great sword
 C - a +2 antimagic demon blade
 F - a +3 great sword of flaming
 G - a +0 dire flail
 H - a +4 scimitar of protection
Armour
 j - a +2 pair of gloves of strength (worn)
 k - a +0 chain mail
 q - the +0 cloak of the Black Moon (worn) {Regen+}
   (You bought it in a shop in the Dungeon)

   It increases your rate of regeneration.
 A - a +2 pair of boots (worn)
 K - a +4 plate armour of poison resistance (worn)
 M - the +1 chain mail "Vubruf" {rN++ rCorr Str-3}
   (You found it in the Dungeon)

   It affects your strength (-3).
   It greatly protects you from negative energy.
   It provides partial protection from all sources of acid and corrosion.
Jewellery
 m - an uncursed ring of resist corrosion
 r - an uncursed ring of see invisible
 s - an uncursed ring of protection from fire
 u - a +5 ring of slaying (left hand)
 D - a cursed ring of poison resistance
 L - a +3 ring of evasion (right hand)
Scrolls
 i - 2 scrolls of blinking
 n - a scroll of brand weapon
 E - 2 scrolls of fog
Potions
 d - a potion of curing
 g - 2 potions of magic
 h - a potion of berserk rage
 w - a potion of agility
Miscellaneous
 z - a phantom mirror
 J - 2 boxes of beasts
Comestibles
 c - 7 rations


   Skills:
 + Level 18.7 Fighting
 + Level 19.7 Long Blades
 - Level 19.3 Armour
 - Level 20.3 Dodging
 * Level 0.0 Evocations


You had 12 spell levels left.
You didn't know any spells.
Your spell library was empty.

Dungeon Overview and Level Annotations

Branches:
Dungeon (1/1)

Altars:
Cheibriados
Dithmenos
Elyvilon
Fedhas
Gozag
Hepliaklqana
Kikubaaqudgha
Makhleb
Nemelex Xobeh
Okawaru
Qazlal
Ru
Sif Muna
Trog
Uskayaw
Vehumet
Wu Jian
Xom
Yredelemnul
Zin
The Shining One
Jiyva
Lugonu

Shops:
D [!}*%([!%[[!(=!}[!![==

Annotations:
D Lom Lobon


Innate Abilities, Weirdness & Mutations

You reflexively headbutt those who attack you in melee.
You have a pair of horns on your head.
You are partially covered in slimy green scales. (AC +2)
You have supernaturally acute eyesight. (SInv)
You tend to lose your temper in combat.
Armour fits poorly on your strangely shaped body.
You are dopey. (Int -2)
Your magical capacity is very low. (-20% MP)
Your natural rate of healing is unusually fast.
You are covered in fur. (AC +1)
Potions are less effective at restoring your health.
Your spells are much easier to cast, but much less powerful.


Message History

You slice Lom Lobon!!
Lom Lobon is lightly wounded.
The ball lightning explodes!
The blast of lightning engulfs Lom Lobon.
Lom Lobon completely resists.
The blast of lightning engulfs you.
* * * LOW HITPOINT WARNING * * *
The blast of lightning engulfs the ball lightning.
The ball lightning completely resists.
The blast of lightning engulfs the ball lightning.
The ball lightning completely resists.
The ball lightning explodes!
The blast of lightning engulfs you!
* * * LOW HITPOINT WARNING * * *
The blast of lightning engulfs the ball lightning.
The ball lightning completely resists.
The blast of lightning engulfs Lom Lobon.
Lom Lobon completely resists.
The ball lightning explodes!
The blast of lightning engulfs you!
You die...

...)....###
#≈≈≈≈≈########○.○○
....#####
##≈≈≈≈#≈≈≈≈≈#(°.°○ ...##
#+≈≈≈'≈≈.≈≈+(.°°. ..##
##≈≈#≈≈≈≈≈#≈°≈.. ..# ○
######'#####≈≈≈ ### °°○
#≈≈≈≈≈≈≈≈≈≈##≈≈ ≈≈≈≈≈
°○○)#######≈≈≈≈≈≈≈≈≈≈≈≈≈
#####
°○..'|)#☼○+...≈≈≈≈≈≈≈#≈≈
..+ #*&@☼○#........≈≈≈#≈
### ####################


You could see Lom Lobon and a ball lightning (wandering).

Vanquished Creatures
  the Lernaean hydra (D)
  A golden dragon (D)
  A shadow dragon (D)
  4 fire giants (D)
  A lorocyproca (D)
  A deep elf annihilator (D)
  A mummy priest (D)
  A hydra (D)
  2 centaur warriors (D)
  A deep troll (D)
  7 unseen horrors (D)
  2 oklob plants (D)
  4 shining eyes (D)
  2 merfolk sirens (D)
  A gargoyle (D)
  A hellwing (D)
  2 kobold demonologists (D)
  A demonic crawler (D)
  5 hornets (D)
  A slime creature (D)
  Sigmund (D)
  2 redbacks (D)
  A yak (D)
  13 hogs (D)
  4 floating eyes (D)
  An ogre (D)
  7 necrophages (D)
  8 jellies (D)
  Ijyb (D)
  2 ballistomycetes (D)
  A block of ice (D)
81 creatures vanquished.

Vanquished Creatures (collateral kills)
  A lindwurm (D)
  4 shining eyes (D)
  3 demonic crawlers (D)
  3 floating eyes (D)
11 creatures vanquished.

Vanquished Creatures (others)
  A deep elf master archer (D)
  Sonja (D)
  A gargoyle (D)
  8 ball lightnings (D)
  2 ballistomycete spores (D)
  A block of ice (D)
14 creatures vanquished.

Grand Total: 106 creatures vanquished

Notes
Turn   | Place    | Note
-------+----------+-------------------------------------------
     0 | D        | Kobolds4U the Minotaur Berserker began the quest for the
                  | Orb.
     0 | D        | Reached XP level 1. HP: 19/19 MP: 0/0
     1 | D        | Noticed Ijyb
    12 | D        | Killed Ijyb
    12 | D        | Reached skill level 5 in Fighting
    12 | D        | Reached skill level 3 in Dodging
    12 | D        | Reached XP level 2. HP: 19/29 MP: 1/1
   178 | D        | Noticed an ogre
   181 | D        | Killed an ogre
   181 | D        | Reached skill level 5 in Dodging
   181 | D        | Reached XP level 3. HP: 38/38 MP: 2/2
   181 | D        | Reached XP level 4. HP: 45/45 MP: 3/3
   229 | D        | Noticed Sigmund
   241 | D        | Killed Sigmund
   241 | D        | Reached ** piety under Trog
   241 | D        | Reached skill level 10 in Long Blades
   241 | D        | Reached skill level 8 in Dodging
   241 | D        | Reached XP level 5. HP: 23/53 MP: 4/4
   241 | D        | Reached XP level 6. HP: 27/61 MP: 5/5
   348 | D        | Killed a gargoyle
   417 | D        | Found an ornate altar of the Wu Jian Council.
   417 | D        | Found a deep blue altar of Sif Muna.
   419 | D        | Found a radiant altar of Vehumet.
   428 | D        | Found Jokkit's General Store.
   428 | D        | Found an ancient bone altar of Kikubaaqudgha.
   428 | D        | Found a hazy altar of Hepliaklqana.
   428 | D        | Found a stormy altar of Qazlal.
   428 | D        | Found a hide-covered altar of Uskayaw.
   428 | D        | Found a blossoming altar of Fedhas.
   428 | D        | Found a bloodstained altar of Trog.
   428 | D        | Found an iron altar of Okawaru.
   428 | D        | Found a basalt altar of Yredelemnul.
   428 | D        | Found a glowing golden altar of the Shining One.
   428 | D        | Found a snail-covered altar of Cheibriados.
   428 | D        | Found a sacrificial altar of Ru.
   428 | D        | Found a glowing silver altar of Zin.
   428 | D        | Found a shadowy altar of Dithmenos.
   428 | D        | Found a white marble altar of Elyvilon.
   428 | D        | Noticed a yak
   435 | D        | Killed a yak
   435 | D        | Reached skill level 9 in Dodging
   436 | D        | Found an opulent altar of Gozag.
   437 | D        | Found a sparkling altar of Nemelex Xobeh.
   445 | D        | Bought a +0 chain mail for 54 gold pieces
   560 | D        | Found a burning altar of Makhleb.
   560 | D        | Found a viscous altar of Jiyva.
   560 | D        | Found a shimmering altar of Xom.
   560 | D        | Found a corrupted altar of Lugonu.
   560 | D        | Noticed a slime creature
   568 | D        | Killed a slime creature
   568 | D        | Reached skill level 10 in Dodging
   568 | D        | Reached XP level 7. HP: 59/70 MP: 6/6
   630 | D        | Noticed a kobold demonologist
   630 | D        | Noticed a kobold demonologist
   632 | D        | Noticed a hellwing
   632 | D        | Paralysed by a floating eye for 4 turns
   638 | D        | Paralysed by a floating eye for 2 turns
   641 | D        | Reached *** piety under Trog
   647 | D        | Noticed an orange demon
   647 | D        | Killed a kobold demonologist
   647 | D        | Reached skill level 10 in Fighting
   647 | D        | Reached skill level 11 in Dodging
   650 | D        | Killed a kobold demonologist
   650 | D        | Reached **** piety under Trog
   650 | D        | Reached skill level 12 in Dodging
   650 | D        | Reached XP level 8. HP: 17/81 MP: 7/7
   910 | D        | Noticed a centaur warrior
   911 | D        | Noticed a centaur warrior
   966 | D        | Killed a centaur warrior
   966 | D        | Reached skill level 13 in Dodging
   975 | D        | Killed a centaur warrior
   975 | D        | Reached skill level 15 in Dodging
   975 | D        | Reached XP level 9. HP: 20/92 MP: 8/8
  1363 | D        | Noticed an oklob plant
  1377 | D        | HP: 3/93 [acid (13)]
  1757 | D        | Killed an oklob plant
  1757 | D        | Reached skill level 16 in Dodging
  2021 | D        | Reached ***** piety under Trog
  2303 | D        | Killed an unseen horror
  2303 | D        | Reached XP level 10. HP: 34/103 MP: 9/9
  2308 | D        | Killed an unseen horror
  2308 | D        | Reached skill level 17 in Dodging
  2668 | D        | Received a gift from Trog
  2756 | D        | Bought a ration for 60 gold pieces
  2756 | D        | Bought a scroll of identify for 24 gold pieces
  3008 | D        | Reached skill level 15 in Fighting
  3013 | D        | Reached skill level 18 in Dodging
  3017 | D        | Received a gift from Trog
  3050 | D        | Found Ipsi Xou's Distillery.
  3050 | D        | Found Uclemec's Antique Armour Shop.
  3050 | D        | Found Toppol's Food Boutique.
  3052 | D        | Found Ruirurop's Armour Emporium.
  3052 | D        | Found Geireeq's Antique Armour Shop.
  3052 | D        | Found Rauxis's Distillery.
  3052 | D        | Found Ysuut's Weapon Boutique.
  3052 | D        | Found Irghaek's Jewellery Emporium.
  3052 | D        | Found Siughem's Distillery.
  3052 | D        | Found Luus's Gadget Shoppe.
  3056 | D        | Bought a ration for 50 gold pieces
  3056 | D        | Bought a ration for 50 gold pieces
  3056 | D        | Found Inos's Antique Armour Boutique.
  3057 | D        | Found Viezucw's Distillery.
  3057 | D        | Found Xiqoofeff's Distillery.
  3058 | D        | Found Bich's Jewellery Emporium.
  3061 | D        | Bought a potion of degeneration for 11 gold pieces
  3131 | D        | Bought the +0 cloak of the Black Moon {Regen+} for 149 gold
                  | pieces
  3145 | D        | Bought an uncursed ring of see invisible for 150 gold
                  | pieces
  3213 | D        | Noticed a lindwurm
  3214 | D        | Killed a lindwurm
  3224 | D        | Reached ****** piety under Trog
  3225 | D        | Received a gift from Trog
  3228 | D        | Reached skill level 19 in Dodging
  3247 | D        | Received a gift from Trog
  3249 | D        | Reached skill level 5 in Armour
  3249 | D        | Reached XP level 11. HP: 77/114 MP: 10/10
  3313 | D        | Noticed a daeva
  3316 | D        | Noticed an unseen horror
  3316 | D        | Noticed an unseen horror
  3316 | D        | Noticed an unseen horror
  3317 | D        | Noticed an unseen horror
  3318 | D        | Killed an unseen horror
  3322 | D        | Killed an unseen horror
  3324 | D        | Killed an unseen horror
  3325 | D        | Killed an unseen horror
  3325 | D        | Received a gift from Trog
  3325 | D        | Reached skill level 15 in Long Blades
  3326 | D        | Noticed an unseen horror
  3327 | D        | Killed an unseen horror
  3327 | D        | Reached skill level 10 in Armour
  3614 | D        | Bought an uncursed ring of protection from fire for 250
                  | gold pieces
  3690 | D        | Noticed a 12-headed hydra
  3695 | D        | Killed a 14-headed hydra
  3696 | D        | Paralysed by a floating eye for 3 turns
  3830 | D        | Bought a pair of runed gloves for 180 gold pieces
  3837 | D        | Bought a ration for 50 gold pieces
  3837 | D        | Bought a ration for 50 gold pieces
  3891 | D        | Noticed a lorocyproca
  3912 | D        | Killed a lorocyproca
  4235 | D        | Bought a +5 ring of slaying for 1250 gold pieces
  4242 | D        | Bought 2 potions of flight for 84 gold pieces
  4242 | D        | Bought a potion of agility for 56 gold pieces
  4318 | D        | Received a gift from Trog
  4319 | D        | Got a crystal falchion {god gift}
  4320 | D        | Identified the +3 falchion of the Bouncing Runes {slice,
                  | rElec Int+7} (Trog gifted it to you in the Dungeon)
  4322 | D        | Noticed a deep elf annihilator
  4350 | D        | Killed a deep elf annihilator
  4371 | D        | Paralysed by a hornet for 1 turns
  4372 | D        | Received a gift from Trog
  4446 | D        | Noticed a mummy priest
  4448 | D        | Noticed an oklob plant
  4452 | D        | Killed a mummy priest
  4456 | D        | Killed an oklob plant
  4456 | D        | Reached XP level 12. HP: 93/126 MP: 11/11
  4510 | D        | Noticed the 27-headed Lernaean hydra
  4518 | D        | Killed the 27-headed Lernaean hydra
  4518 | D        | Reached skill level 15 in Armour
  4528 | D        | Noticed a deep elf master archer
  4730 | D        | Killed a deep elf master archer
  4844 | D        | Found Zupt's Armour Emporium.
  4890 | D        | Noticed Sonja
  4906 | D        | Found Guezun's Antique Armour Boutique.
  4914 | D        | Bought a pair of runed boots for 127 gold pieces
  4924 | D        | Gained mutation: You are dopey. (Int -2) [a shining eye]
  4925 | D        | Paralysed by a floating eye for 2 turns
  4926 | D        | Received a gift from Trog
  4927 | D        | Gained mutation: Your body sometimes deteriorates upon
                  | taking damage. [a shining eye]
  4927 | D        | Gained mutation: Your spells are a little easier to cast,
                  | but a little less powerful. [a shining eye]
  4927 | D        | Gained mutation: Your spells are easier to cast, but less
                  | powerful. [a shining eye]
  4929 | D        | Gained mutation: Potions are less effective at restoring
                  | your health. [a shining eye]
  4929 | D        | Gained mutation: Your magical capacity is low. (-10% MP) [a
                  | shining eye]
  4930 | D        | Gained mutation: You tend to lose your temper in combat. [a
                  | shining eye]
  4938 | D        | Gained mutation: Your spells are much easier to cast, but
                  | much less powerful. [a shining eye]
  4939 | D        | Gained mutation: Armour fits poorly on your strangely
                  | shaped body. [a shining eye]
  4941 | D        | Gained mutation: Your magical capacity is very low. (-20%
                  | MP) [a shining eye]
  4942 | D        | Gained mutation: You occasionally shout uncontrollably at
                  | your foes. [a shining eye]
  4946 | D        | Received a gift from Trog
  4967 | D        | Lost mutation: Your body sometimes deteriorates upon taking
                  | damage. [potion of mutation]
  4967 | D        | Lost mutation: You occasionally shout uncontrollably at
                  | your foes. [potion of mutation]
  4967 | D        | Gained mutation: You have supernaturally acute eyesight.
                  | (SInv) [potion of mutation]
  4967 | D        | Gained mutation: You are covered in fur. (AC +1) [potion of
                  | mutation]
  4967 | D        | Gained mutation: You are partially covered in slimy green
                  | scales. (AC +2) [potion of mutation]
  4967 | D        | Gained mutation: Your natural rate of healing is unusually
                  | fast. [potion of mutation]
  5021 | D        | Killed Sonja
  5025 | D        | Found Hoirecid's Distillery.
  5025 | D        | Found Wocay's Food Shop.
  5025 | D        | Found Qeotse's Gadget Emporium.
  5025 | D        | Found Ostios's Weapon Boutique.
  5111 | D        | Noticed a shadow dragon
  5111 | D        | Noticed a golden dragon
  5126 | D        | Killed a golden dragon
  5132 | D        | Killed a shadow dragon
  5204 | D        | Found Qiegrielurph's Jewellery Shoppe.
  5302 | D        | Bought a phantom mirror for 300 gold pieces
  5304 | D        | Bought a cursed ring of poison resistance for 187 gold
                  | pieces
  5465 | D        | Noticed a fire giant
  5473 | D        | Killed a fire giant
  5479 | D        | Noticed a fire giant
  5480 | D        | Noticed a fire giant
  5480 | D        | Noticed a fire giant
  5497 | D        | Killed a fire giant
  5497 | D        | Received a gift from Trog
  5497 | D        | Reached XP level 13. HP: 97/135 MP: 9/9
  5501 | D        | Killed a fire giant
  5501 | D        | Reached skill level 20 in Dodging
  5539 | D        | Killed a fire giant
  5701 | D        | Bought a runed plate armour for 650 gold pieces
  5717 | D        | Bought a +3 ring of evasion for 231 gold pieces
  5872 | D        | Got a pitted chain mail
  5883 | D        | Identified the cursed +1 chain mail "Vubruf" {rN++ rCorr
                  | Str-3} (You found it in the Dungeon)
  6030 | D        | Identified the Tome of the Burning Snowflakes
  6038 | D        | Noticed Lom Lobon
  6069 | D        | HP: 5/204 [ball lightning[Lom Lobon] (10)]
  6069 | D        | Killed by an exploding ball lightning

Skill      XL: |  1  2  3  4  5  6  7  8  9 10 11 12 13 |
---------------+----------------------------------------+-----
Fighting       | 5 6 8 9 10 12 14 16 18 | 18.7
Long Blades    | 6 8 10 12 14 16 19 | 19.7
Dodging        | 3 5 8 10 12 15 16 19 20 | 20.3
Armour         | 5 14 19 | 19.3

Action                   |  1- 3 |  4- 6 |  7- 9 | 10-12 | 13-15 || total
-------------------------+-------+-------+-------+-------+-------++-------
Melee: Falchion          |    11 |    28 |   101 |    55 |       ||   195
       Headbutt          |     2 |    12 |    30 |    49 |     7 ||   100
       Triple sword      |       |       |       |   112 |    17 ||   129
Invok: Berserk           |     2 |       |     4 |     4 |     1 ||    11
       Trog's Hand       |       |       |     2 |     5 |     1 ||     8
       Brothers in Arms  |       |       |       |     7 |     3 ||    10
  Use: Scroll            |       |       |       |     5 |     2 ||     7
       Potion            |       |       |       |     3 |     7 ||    10
  Eat: Chunk             |       |     1 |     4 |     4 |     1 ||    10
       Ration            |       |       |     1 |     5 |     1 ||     7
Armor: Chain mail        |       |     2 |    34 |    65 |       ||   101
       Plate armour      |       |       |       |       |     8 ||     8
Dodge: Dodged            |     4 |     8 |    40 |   154 |     6 ||   212
       Rpst.: Falchion   |       |     2 |     5 |     8 |       ||    15
       Triple sword      |       |       |       |    23 |     2 ||    25
